 Dungeon Crawl Stone Soup version 0.23-a0-358-g98c7a59 (console) character file.

311 nht the Bolt Thrower (level 6, -7/51 HPs)
             Began as a Minotaur Hunter on Oct 22, 2018.
             Mangled by an ogre
             ... wielding a +0 giant club
              (26 damage)
             ... on level 4 of the Dungeon.
             The game lasted 00:01:30 (2242 turns).

nht the Bolt Thrower (Minotaur Hunter)              Turns: 2242, Time: 00:01:32

Health: -7/51      AC:  3    Str: 19    XL:     6   Next: 18%
Magic:  14/14      EV: 12    Int:  8    God:
Gold:   162        SH:  0    Dex: 10    Spells: 5/5 levels left

rFire    . . .     SeeInvis .   a - +1 hand crossbow
rCold    . . .     Gourm    .   (no shield)
rNeg     . . .     Faith    .   c - +0 leather armour
rPois    .         Spirit   .   (helmet restricted)
rElec    .         Reflect  .   (no cloak)
rCorr    .         Harm     +   (no gloves)
MR       .....                  (no boots)
Stlth    +.........             e - amulet of harm
HPRegen  0.17/turn              n - ring of magical power
MPRegen  0.14/turn              q - ring of flight

@: no status effects
A: retaliatory headbutt, horns 2
a: Evoke Flight


You were on level 4 of the Dungeon.
You were not hungry.

You visited 1 branch of the dungeon, and saw 4 of its levels.

You collected 162 gold pieces.

Inventory:

Hand Weapons
 a - a +1 hand crossbow (weapon)
 b - a +0 short sword
Missiles
 d - 38 bolts (quivered)
Armour
 c - a +0 leather armour (worn)
Jewellery
 e - an amulet of harm (around neck)
 n - a ring of magical power (left hand)
 q - a ring of flight (right hand)
Scrolls
 j - a scroll of magic mapping {unknown}
 l - 2 scrolls of remove curse {unknown}
 o - 4 scrolls of identify {unknown}
 r - a scroll of teleportation {unknown}
Potions
 h - 2 potions of lignification {unknown}
 i - 3 potions of magic {unknown}
 k - a potion of heal wounds {unknown}
 m - 2 potions of curing {unknown}
 p - a potion of flight {unknown}
 s - a potion of degeneration {unknown}
Comestibles
 f - 6 rations
 g - 3 chunks of flesh


   Skills:
 - Level 3.3 Fighting
 + Level 7.3 Crossbows
 - Level 3.1 Dodging
 - Level 1.7 Stealth


You had 5 spell levels left.
You didn't know any spells.
Your spell library was empty.

Dungeon Overview and Level Annotations

Branches:
Dungeon (4/15)
 Temple: D:4-7

Altars:
Ashenzari
Nemelex Xobeh
Xom


Innate Abilities, Weirdness & Mutations

You reflexively headbutt those who attack you in melee.
You have a pair of horns on your head.


Message History

Aim: an ogre, wielding a +0 giant club (lightly wounded)
You shoot a bolt. The bolt hits the ogre!
The ogre is severely wounded.
There are monsters nearby!
Firing (i - inventory)
d - 40 bolts (quivered)
Press: ? - help, Shift-Dir - straight line, f/p - ogre
Aim: an ogre, wielding a +0 giant club (severely wounded)
You shoot a bolt. The bolt barely misses the ogre.
The hound bites you.
The ogre hits you with a +0 giant club!!
There are monsters nearby!
Firing (i - inventory)
d - 39 bolts (quivered)
Press: ? - help, Shift-Dir - straight line, f/p - ogre
Aim: an ogre, wielding a +0 giant club (severely wounded)
You shoot a bolt.
The bolt hits the ogre but does no damage.
The ogre is severely wounded.
The hound bites you. x2
The ogre hits you with a +0 giant club!!
Ouch! That really hurt!
You die...

██........+
..........█
..<...?...█
...[......█
..........█
.(........█
█(((.Oh..█ █@..█
█...█ █...█ █...█
█████...███████
█.......'.....█
████+███...█████+█
█.........██
█.........█


You could see an ogre and a hound.

Vanquished Creatures
  A centaur (D:3)
  Natasha (thrice) (D:2 D:3)
  5 gnolls
  5 adders
  2 worms (D:2)
  2 dart slugs
  A leopard gecko (D:1)
  A ball python (D:4)
  8 bats
  3 giant cockroaches
  8 goblins
  6 hobgoblins
  2 jackals (D:3)
  5 frilled lizards
  8 kobolds
  A leopard gecko skeleton (D:4)
  8 rats
69 creatures vanquished.

Vanquished Creatures (others)
  2 worker ants (D:4)
  A worm (D:4)
  2 orcs (D:4)
  A jackal (D:4)
6 creatures vanquished.

Grand Total: 75 creatures vanquished

Notes
Turn   | Place    | Note
-------+----------+-------------------------------------------
     0 | D:1      | nht the Minotaur Hunter began the quest for the Orb.
     0 | D:1      | Reached XP level 1. HP: 18/18 MP: 0/0
    59 | D:1      | Reached skill level 1 in Stealth
    65 | D:1      | Reached XP level 2. HP: 21/25 MP: 1/1
   287 | D:1      | Reached XP level 3. HP: 31/31 MP: 2/2
   668 | D:2      | Noticed Natasha
   672 | D:2      | Killed Natasha
   672 | D:2      | Reached XP level 4. HP: 38/38 MP: 3/3
   723 | D:2      | Found a sparkling altar of Nemelex Xobeh.
   757 | D:2      | Reached skill level 5 in Crossbows
  1472 | D:3      | Noticed a centaur
  1475 | D:3      | Killed a centaur
  1475 | D:3      | Reached skill level 6 in Crossbows
  1475 | D:3      | Reached XP level 5. HP: 33/45 MP: 4/4
  1678 | D:3      | Found a faded altar of an unknown god.
  1736 | D:3      | Noticed Natasha
  1740 | D:3      | Killed Natasha
  1740 | D:3      | Reached skill level 7 in Crossbows
  1829 | D:3      | Reached XP level 6. HP: 51/51 MP: 5/5
  1876 | D:3      | Found a shattered altar of Ashenzari.
  2038 | D:3      | Noticed Natasha
  2041 | D:3      | Killed Natasha
  2160 | D:4      | Found a shimmering altar of Xom.
  2242 | D:4      | Mangled by an ogre

Vault maps used:
D:1:      doesnt_arrival_eight_statues
D:2:      minmay_diamond_boxcup, nemelex_xobeh_ov_fountains_minmay, uniq_natasha
D:3:      ashenzari_altar_1, first_ration, chequers_ecumenical_altar_grove
D:4:      elyvilon_altar_4, corexii_corridor_pit, xom_confusion_cloud,
          uniq_pikel

Skill      XL: |  1  2  3  4  5 |
---------------+----------------+-----
Stealth        | 1 |  1.7
Fighting       | 3 |  3.3
Dodging        | 3 |  3.1
Crossbows      | 6 7 |  7.3

Action                   |  1- 3 |  4- 6 || total
-------------------------+-------+-------++-------
 Fire: Hand crossbow     |    53 |    96 ||   149
  Eat: Chunk             |       |     4 ||     4
Armor: Leather armour    |     1 |     2 ||     3
Dodge: Dodged            |     4 |    14 ||    18

Table legend:
 A = Non-vault XP
 B = Vault XP
 C = Vault XP percentage of total XP
 D = Non-vault monster count
 E = Vault monster count
 F = Vault count percentage of total count
                 A         B        C        D         E       F
            +---------+---------+-------+---------+---------+-------
      Total |     400 |      45 |  10.1 |      61 |       8 |  11.6
            +---------+---------+-------+---------+---------+-------
        D:1 |      51 |       0 |   0.0 |      22 |       0 |   0.0
        D:2 |      49 |      44 |  47.3 |      14 |       7 |  33.3
        D:3 |     285 |       0 |   0.0 |      23 |       0 |   0.0
        D:4 |      15 |       1 |   6.2 |       2 |       1 |  33.3
            +---------+---------+-------+---------+---------+-------
